Map: Orbital Shipyard

Players

OwNaGe

  • Race: Protoss Protoss
  • League: Diamond

FadedHarmony - Winner!

  • Race: Protoss Protoss
  • League: Master

VOD

Have the link to the VOD?

Description

Time

  • Played on: Feb. 20, 2016, 12:56 p.m.
  • Length: 4:52
Show
View Real Time Build Order
Export as new Build Order

OwNaGe Protoss 

Build Orders: 1 Gate Expand 

Get SALT Encoding   

  12  0:00  Probe (Chrono Boost)  
  13  0:11  Probe (Chrono Boost)  
  14  0:19  Pylon  
  14  0:23  Probe (Chrono Boost)  
  15  0:37  Probe (Chrono Boost)  
  15  0:38  Gateway  
  16  0:44  Assimilator  
  16  0:48  Probe (Chrono Boost)  
  17  0:58  Probe (Chrono Boost)  
  18  1:09  Probe (Chrono Boost)  
  19  1:26  Nexus  
  19  1:37  Gateway  
  19  1:42  Probe (Chrono Boost)  
  19  1:46  Assimilator  
  20  1:52  Probe (Chrono Boost)  
  21  2:01  Gateway  
  21  2:04  Probe (Chrono Boost)  
  22  2:15  Pylon  
  22  2:18  Probe (Chrono Boost)  
  23  2:33  Probe (Chrono Boost)  
  23  2:36  Cybernetics Core  
  24  2:41  Probe (Chrono Boost)  
  26  2:44  Probe (Chrono Boost)  
  28  2:55  Probe (Chrono Boost)  
  29  3:04  Probe (Chrono Boost)  
  28  3:09  Probe (Chrono Boost)  
  29  3:15  Probe (Chrono Boost)  
  29  3:18  Adept x3  
  35  3:23  Robotics Facility  
  35  3:25  Probe (Chrono Boost)  
  36  3:29  Probe (Chrono Boost)  
  37  3:37  Probe  
  37  3:39  Probe  
  39  3:43  Twilight Council  
  39  3:45  Sentry  
  43  3:49  Stalker  
  43  3:50  Probe  
  43  3:51  Probe  
  45  4:01  Probe  
  46  4:02  Pylon  
  46  4:06  Pylon  
  46  4:20  Stalker  
  46  4:21  Observer (Chrono Boost), Mothership Core  
  46  4:22  Assimilator  
  51  4:26  Pylon  
  51  4:27  Probe  
  51  4:28  Assimilator  
  52  4:37  Probe  
Show
View Real Time Build Order
Export as new Build Order

FadedHarmony Protoss - Winner!

Build Orders:  

Get SALT Encoding   

  12  0:01  Probe (Chrono Boost)  
  13  0:11  Probe (Chrono Boost)  
  14  0:17  Pylon  
  14  0:22  Probe (Chrono Boost)  
  16  0:35  Probe (Chrono Boost)  
  16  0:38  Gateway  
  16  0:44  Assimilator  
  16  0:49  Probe (Chrono Boost)  
  17  0:57  Assimilator  
  17  1:00  Probe (Chrono Boost)  
  18  1:10  Probe (Chrono Boost)  
  19  1:21  Probe (Chrono Boost)  
  20  1:31  Pylon  
  20  1:35  Probe (Chrono Boost)  
  20  1:36  Cybernetics Core  
  21  1:45  Probe (Chrono Boost)  
  22  1:49  Pylon  
  22  1:56  Probe (Chrono Boost)  
  23  2:20  Mothership Core (Chrono Boost)  
  23  2:22  Robotics Facility  
  25  2:25  Gateway  
  25  2:26  Warp Gate (Chrono Boost)  
  25  2:33  Gateway  
  25  2:39  Probe (Chrono Boost)  
  26  3:12  Immortal (Chrono Boost)  
  30  3:15  Stalker  
  30  3:19  Stalker  
  34  3:20  Stalker  
  36  3:27  Pylon  
  36  3:35  Pylon  
  36  3:47  Immortal (Chrono Boost)  
  44  4:26  Stalker x2  
  44  4:27  Stalker  
  50  4:32  Pylon  
Tags
 
Add a new tag
Caveats
  • Supply blocks, unpowered buildings, or Contaminate may cause inaccurate times.
  • Supply counts are checked every 10 seconds.